Map: Tourmaline LE

Players

Fjant

  • Race: Zerg Zerg
  • League: Grandmaster
  • Spawn Location: 1:00

Harstem - Winner!

  • Race: Protoss Protoss
  • League: Grandmaster
  • Spawn Location: 7:00

VOD

Have the link to the VOD?

Description

Time

  • Played on: Jan. 31, 2026, 10:16 a.m.
  • Length: 10:22
Show
View Real Time Build Order
Export as new Build Order

Fjant Zerg 

Build Orders: Hatch First 

Get SALT Encoding   

  12  0:00  Drone  
  13  0:09  Drone  
  14  0:14  Extractor  
  14  0:15  Drone  
  14  0:21  Overlord  
  15  0:40  Drone  
  16  0:45  Hatchery  
  16  0:49  Drone  
  16  0:52  Drone  
  16  0:56  Drone  
  18  1:06  Extractor  
  18  1:11  Spawning Pool  
  16  1:14  Drone  
  16  1:17  Drone  
  18  1:26  Drone  
  19  1:41  Drone  
  20  1:51  Drone  
  21  1:57  Queen  
  21  1:58  Queen, Zergling x2  
  21  2:01  Overlord  
  26  2:10  Metabolic Boost  
  26  2:12  Drone  
  27  2:17  Drone  
  27  2:22  Drone  
  29  2:23  Drone  
  30  2:34  Drone, Hatchery  
  30  2:42  Drone  
  30  2:43  Drone, Overlord  
  32  2:51  Queen  
  32  2:54  Zergling x2  
  35  2:58  Evolution Chamber  
  35  3:05  Zergling x4  
  37  3:13  Drone x3  
  37  3:15  Drone x2  
  37  3:17  Drone  
  42  3:21  Spore Crawler  
  41  3:28  Drone x3  
  43  3:35  Overlord  
  43  3:39  Overlord  
  43  3:43  Extractor  
  43  3:44  Queen, Extractor  
  43  3:46  Spore Crawler  
  43  3:47  Spore Crawler  
  43  3:49  Drone x3  
  43  3:53  Drone  
  47  3:57  Drone x2  
  47  3:58  Drone x2  
  51  4:05  Drone x2, Overlord  
  53  4:10  Drone x4  
  53  4:13  Overlord  
  53  4:15  Spore Crawler  
  55  4:23  Drone  
  56  4:25  Zergling x8  
  57  4:33  Drone  
  57  4:34  Drone  
  57  4:39  Drone x2  
  57  4:43  Drone, Baneling Nest  
  59  4:46  Drone  
  59  4:50  Extractor  
  59  4:51  Drone x2  
  61  4:53  Drone  
  61  4:56  Drone x3  
  61  4:59  Drone  
  66  5:03  Drone  
  66  5:04  Queen  
  66  5:06  Zergling x2  
  70  5:10  Hatchery, Zergling x2  
  70  5:13  Zergling x6  
  72  5:14  Zergling x2  
  72  5:15  Overlord  
  72  5:18  Overlord  
  72  5:21  Overlord  
  72  5:24  Zergling x4  
  73  5:31  Overlord  
  73  5:32  Overlord  
  73  5:36  Baneling x6  
  73  5:38  Zergling x10  
  73  5:41  Zergling x8  
  82  5:44  Lair  
  82  5:46  Zergling x2  
  82  5:52  Drone x4  
  86  5:58  Drone x2  
  86  5:59  Drone  
  86  6:02  Drone  
  90  6:07  Extractor  
  90  6:08  Evolution Chamber, Extractor  
  90  6:09  Drone x3  
  90  6:15  Zergling x8  
  91  6:19  Zergling x2  
  91  6:23  Zergling x6  
  91  6:25  Zergling x2  
  94  6:27  Zergling x2  
  94  6:29  Zergling x2  
  96  6:38  Zergling x6  
  91  6:43  Zergling x6  
  91  6:46  Zergling x8  
  90  6:49  Zergling x6  
  90  6:51  Hydralisk Den  
  84  7:00  Zerg Melee Weapons Level 1  
  80  7:01  Drone  
  80  7:02  Drone x7  
  88  7:10  Drone  
  88  7:11  Drone  
  88  7:12  Centrifugal Hooks  
  88  7:13  Drone  
  88  7:14  Drone x2  
  92  7:22  Muscular Augments, Spore Crawler  
  91  7:25  Extractor x2  
  91  7:27  Drone x3  
  91  7:28  Drone x3  
  95  7:30  Zergling x6  
  98  7:39  Roach Warren  
  98  7:44  Zergling x12  
  94  8:12  Hydralisk x9  
  95  8:19  Baneling x7  
  111  8:20  Roach x4  
  111  8:22  Overlord x5  
  111  8:26  Grooved Spines  
  119  8:27  Overlord x2  
  119  8:28  Overlord  
  116  8:40  Roach x2  
  116  8:41  Roach x4  
  120  8:47  Hydralisk x3  
  123  8:52  Hydralisk x2  
  123  8:54  Roach  
  115  8:57  Roach  
  115  8:58  Roach  
  115  9:02  Roach  
  106  9:05  Hydralisk x2  
  106  9:07  Zergling x6  
  106  9:09  Zergling x2  
  100  9:13  Roach  
Show
View Real Time Build Order
Export as new Build Order

Harstem Protoss - Winner!

Build Orders: 1 Gate Expand, Oracle Opening, Archon Immortal 

Get SALT Encoding   

  12  0:00  Probe  
  13  0:12  Probe  
  14  0:17  Pylon  
  14  0:24  Probe  
  15  0:34  Probe  
  15  0:35  Gateway  
  15  0:42  Probe  
  16  0:48  Assimilator  
  17  0:52  Probe  
  19  1:04  Probe  
  19  1:16  Probe  
  20  1:23  Nexus  
  20  1:34  Cybernetics Core  
  20  1:36  Probe  
  21  1:41  Assimilator  
  21  1:48  Probe  
  21  1:51  Pylon  
  22  2:00  Probe  
  23  2:01  Adept  
  23  2:12  Probe  
  26  2:21  Stargate  
  26  2:24  Probe  
  27  2:31  Adept  
  27  2:36  Probe, Warp Gate  
  27  2:37  Probe  
  31  2:48  Probe  
  31  2:49  Probe  
  33  2:55  Oracle  
  33  3:00  Probe  
  33  3:01  Probe  
  38  3:12  Probe  
  39  3:13  Probe  
  40  3:24  Probe  
  40  3:25  Oracle, Probe  
  41  3:33  Pylon  
  41  3:36  Probe  
  41  3:37  Probe  
  46  3:45  Nexus  
  46  3:51  Probe x2  
  46  3:52  Gateway  
  48  4:01  Pylon  
  48  4:03  Probe x2  
  48  4:04  Twilight Council  
  50  4:12  Resonating Glaives  
  50  4:15  Probe  
  51  4:18  Assimilator  
  51  4:21  Probe  
  52  4:25  Stalker  
  52  4:27  Gateway, Probe  
  52  4:29  Gateway  
  55  4:36  Probe  
  56  4:39  Probe  
  56  4:40  Pylon  
  56  4:45  Assimilator  
  57  4:48  Probe  
  57  4:51  Adept, Probe  
  61  4:54  Pylon  
  61  4:56  Forge  
  61  4:57  Robotics Facility  
  61  5:01  Probe  
  61  5:03  Probe  
  61  5:05  Adept  
  61  5:06  Probe  
  66  5:13  Adept, Probe  
  69  5:15  Probe  
  69  5:20  Probe  
  71  5:23  Protoss Ground Weapons Level 1  
  71  5:25  Adept x2, Probe  
  71  5:26  Adept  
  71  5:27  Probe  
  80  5:36  Pylon  
  80  5:37  Adept  
  80  5:38  Probe  
  82  5:45  Adept x2  
  86  5:51  Probe x2, Adept  
  86  5:53  Probe  
  89  5:59  Adept  
  89  6:03  Probe x2  
  93  6:07  Templar Archives, Charge  
  93  6:09  Adept x2  
  97  6:12  Assimilator  
  97  6:16  Assimilator, Adept  
  97  6:19  Adept  
  97  6:22  Probe  
  100  6:28  Probe  
  100  6:31  Gateway  
  101  6:33  Pylon  
  101  6:39  Probe x2  
  101  6:40  Immortal  
  101  6:41  Psionic Storm, Probe  
  97  6:47  Adept x2  
  97  6:48  Adept  
  97  6:52  Probe x2  
  97  6:53  Probe  
  96  6:54  Gateway  
  96  6:55  Gateway  
  92  7:04  High Templar, Pylon  
  92  7:06  Protoss Ground Weapons Level 2  
  92  7:07  Gateway, Warp Prism  
  94  7:09  Gateway  
  94  7:11  High Templar  
  94  7:12  Zealot  
  94  7:15  Archon  
  96  7:24  Sentry  
  96  7:25  Photon Cannon  
  96  7:26  Probe  
  99  7:35  Zealot x2  
  103  7:48  Nexus  
  103  7:49  Pylon  
  103  7:52  High Templar x3  
  103  7:53  High Templar, Zealot  
  103  7:55  Probe  
  103  7:56  Immortal  
  112  8:00  Archon  
  112  8:02  Zealot x2  
  112  8:04  Probe  
  112  8:05  Pylon  
  117  8:07  Probe  
  117  8:09  Pylon  
  117  8:10  Pylon, Photon Cannon  
  114  8:13  Phoenix  
  116  8:21  Zealot x3  
  116  8:23  High Templar  
  116  8:25  High Templar, Zealot x3  
  132  8:33  Probe, Photon Cannon  
  133  8:37  Archon x2  
  133  8:41  Probe  
  133  8:42  Zealot x4  
  133  8:46  Probe  
  135  8:50  Probe  
  135  8:54  Immortal, Probe  
  125  8:56  Zealot x4  
  125  8:58  Probe  
  128  9:07  Probe  
  128  9:08  Zealot x5  
  137  9:11  Probe  
  136  9:33  Immortal  
Tags
 
Add a new tag
Caveats
  • Supply blocks, unpowered buildings, or Contaminate may cause inaccurate times.
  • Supply counts are checked every 10 seconds.